 Dungeon Crawl Stone Soup version 0.30-a0-924-g0ad0bf95bc (webtiles) character file.

Game seed: 5413021990502923323

452 cforsyth the Cudgeller (level 7, -13/53 HPs)
             Began as a Human Fighter on Mar 22, 2023.
             Was an Initiate of Okawaru.
             Mangled by Prince Ribbit (18 damage)
             ... on level 5 of the Dungeon.
             The game lasted 00:04:11 (3564 turns).

cforsyth the Cudgeller (Human Fighter)              Turns: 3564, Time: 00:04:12

Health: -13/53     AC:  2    Str: 19    XL:     7   Next: 26%
Magic:  7/7        EV:  9    Int:  8    God:    Okawaru [......]
Gold:   246        SH:  4    Dex: 12    Spells: 6/6 levels left

rFire   . . .      SeeInvis +    a - +0 flail
rCold   . . .      Faith    .    c - +0 buckler
rNeg    . . .      Spirit   .    b - +0 scale mail
rPois   .          Reflect  .    A - +0 helmet
rElec   .          Rampage  .    y - +0 cloak
rCorr   .                        e - +0 pair of gloves
Will    .....                    (no boots) Stlth
                                 (no amulet)
HPRegen 0.28/turn                z - ring of see invisible
MPRegen 0.10/turn                (no ring)

@: mighty, corroded, studying Armour
A: no striking features
a: Renounce Religion


You were on level 5 of the Dungeon.
You worshipped Okawaru.
Okawaru was noncommittal.
You visited 1 branch of the dungeon, and saw 5 of its levels.

You collected 246 gold pieces.

Inventory:

Hand Weapons
 a - a +0 flail (weapon)
Armour
 b - a +0 scale mail (worn)
 c - a +0 buckler (worn)
 e - a +0 pair of gloves (worn)
 y - a +0 cloak (worn)
 A - a +0 helmet (worn)
Jewellery
 g - a +6 ring of intelligence
 z - a ring of see invisible (left hand)
Scrolls
 f - a scroll of silence {unknown}
 j - 4 scrolls of butterflies {unknown}
 k - a scroll of magic mapping
 m - a scroll of amnesia
 n - a scroll of immolation {unknown}
 p - a scroll of identify
 q - 2 scrolls of enchant armour {unknown}
 s - 2 scrolls of vulnerability
 t - 2 scrolls of teleportation {unknown}
 w - a scroll of enchant weapon {unknown}
Potions
 h - 3 potions of curing {unknown}
 i - 2 potions of flight {unknown}
 l - 3 potions of brilliance {unknown}
 o - 2 potions of degeneration {unknown}
 r - a potion of attraction {unknown}
 u - 3 potions of heal wounds {unknown}
 v - 2 potions of cancellation {unknown}
 x - a potion of lignification {unknown}


   Skills:
 - Level 3.6 Fighting
 + Level 6.2 Maces & Flails
 - Level 4.0 Armour
 - Level 3.6 Shields


You had 6 spell levels left.
You didn't know any spells.
Your spell library contained the following spells:

 Spells                   Type           Power      Damage    Failure   Level
 Beastly Appendage        Tmut           0%         N/A       86%         1
 Scorch                   Fire           0%         2d5       94%         2
 Wereblood                Tmut           0%         N/A       94%         2
 Spider Form              Tmut/Pois      0%         N/A       99%         3
 Flame Wave               Conj/Fire      0%         2d4       100%        4
 Summon Cactus Giant      Summ           Unusable   N/A       N/A         6

Dungeon Overview and Level Annotations

Branches:
Dungeon (5/15)
 Temple: D:4-7

Altars:
Okawaru
Ru

Annotations:
D:3 2 transporters, ZappyNine's ghost, amateur GnRe
D:5 Prince Ribbit


Message History

Prince Ribbit is moderately wounded.
Prince Ribbit hits you! Prince Ribbit misses you.
You are too injured to fight recklessly!
You are too injured to fight recklessly!
You are too injured to fight recklessly!
You are too injured to fight recklessly!
You are too injured to fight recklessly!
You are too injured to fight recklessly!
You are too injured to fight recklessly!
You are too injured to fight recklessly!
You feel very mighty all of a sudden. Prince Ribbit closely misses you.
Unknown command.
You miss Prince Ribbit.
Prince Ribbit is moderately wounded.
Prince Ribbit hits you. You block the jelly's attack.
You closely miss Prince Ribbit.
Prince Ribbit is lightly wounded.
Prince Ribbit blinks! x2; The jelly closely misses you.
You hit the jelly.
Your hands burn!
* * * LOW HITPOINT WARNING * * *
The jelly is lightly wounded.
Prince Ribbit blinks!
The jelly hits you.
* * * LOW HITPOINT WARNING * * *
The acid corrodes you!
You are splashed with acid!
* * * LOW HITPOINT WARNING * * *
You block Prince Ribbit's attack.
Unknown command.
As you read the scroll labelled QUOMYPL HAOVO, it crumbles to dust.
You feel aware of your surroundings.
It was a scroll of magic mapping.
You block Prince Ribbit's attack. Prince Ribbit hits you.
* * * LOW HITPOINT WARNING * * *
As you read the scroll labelled FUTSALLEGU, it crumbles to dust.
It is a scroll of amnesia.
You feel forgetful for a moment. You block Prince Ribbit's attack.
As you read the scroll labelled LAHIEK LUPUL, it crumbles to dust.
It is a scroll of identify.
s - 2 scrolls of vulnerability Prince Ribbit barely misses you.
Prince Ribbit hits you!!
You die...

,,,*,,>,* ###.####........#
,***,,*** #....#........#
,,,,,,***#######.#........#
,,*,***,,....#*#.#........#
,,*,**,,,.....*#......#####
*,*,*,,,,......#....#.#
*,,,*,,,,......#......#
**,,,,,,,.....[....(..#
,,,*,,,,,......#@#....#
,,,*,,,,,......#F##...##***
,,,,,,,,,.......J.......,,*
,,,,,,,,,...............,,*
,*,**,,,,...$............,*
,,,**,,,,........###...###*
,**,,,,,,......#..,,...#
,,,,,,,,,.........*,,..#
,,,,**,,,.....####*,,*##


You could see Prince Ribbit and a jelly.

Vanquished Creatures
  A water moccasin (D:5)
  Blork the orc (D:4)
  A jelly (D:5)
  A hound (D:4)
  A sleepcap (D:5)
  An iguana (D:4)
  2 orc wizards
  3 adders
  2 worms (D:4)
  A dart slug (D:4)
  7 orcs
  12 endoplasms
  5 giant cockroaches
  5 goblins
  7 hobgoblins
  6 jackals
  2 quokkas
  6 ball pythons
  3 bats
  9 frilled lizards
  5 kobolds
  8 rats
89 creatures vanquished.

Notes
Turn   | Place    | Note
-------+----------+-------------------------------------------
     0 | D:1      | cforsyth the Human Fighter began the quest for the Orb.
     0 | D:1      | Reached XP level 1. HP: 18/18 MP: 1/1
    93 | D:1      | Reached XP level 2. HP: 24/24 MP: 2/2
   229 | D:1      | You fall into a shaft and drop 1 floor!
   285 | D:2      | Found a sacrificial altar of Ru.
   310 | D:2      | Reached XP level 3. HP: 28/29 MP: 3/3
   874 | D:2      | Reached XP level 4. HP: 33/35 MP: 4/4
  1483 | D:3      | Reached XP level 5. HP: 34/42 MP: 5/5
  1595 | D:3      | Found a transporter.
  1595 | D:3      | Noticed ZappyNine's ghost (amateur GnRe)
  1698 | D:3      | Found a transporter.
  1759 | D:3      | Reached skill level 3 in Maces & Flails
  2162 | D:4      | Reached skill level 4 in Maces & Flails
  2213 | D:4      | Reached XP level 6. HP: 31/48 MP: 6/6
  2271 | D:4      | Noticed Blork the orc
  2288 | D:4      | Killed Blork the orc
  2289 | D:4      | Reached skill level 5 in Maces & Flails
  2516 | D:4      | Found an iron altar of Okawaru.
  2524 | D:4      | Became a worshipper of Warmaster Okawaru
  3454 | D:5      | Entered Level 5 of the Dungeon
  3454 | D:5      | Noticed a water moccasin
  3459 | D:5      | Killed a water moccasin
  3460 | D:5      | Reached XP level 7. HP: 33/53 MP: 7/7
  3463 | D:5      | Reached skill level 6 in Maces & Flails
  3546 | D:5      | Noticed Prince Ribbit
  3564 | D:5      | Mangled by Prince Ribbit

Illustrated notes

Levels and vault maps discovered:
D:1:      minmay_arrival_wavy_path, layout_rooms, minmay_box_of_dots
D:2:      layout_loops_cross, basic_altar
D:3:      layout_rooms, gammafunk_ghost_arena, chequers_hall_statues_wall_a,
          chequers_serial_rivers_room_b, minmay_misc_feat_chi
D:4:      minmay_recursive_quarters, layout_basic, kennysheep_okawaru_gauntlet,
          uniq_blork_the_orc
D:5:      layout_rooms, uniq_edmund, uniq_prince_ribbit1

Skill      XL: |  1  2  3  4  5  6  7 |
---------------+----------------------+-----
Armour         | 4 |  4.0
Maces & Flails | 4 5 6 |  6.2
Fighting       | |  3.6
Shields        | |  3.6

Action                     |  1- 3 |  4- 6 |  7- 9 || total
---------------------------+-------+-------+-------++-------
  Melee: Flail             |   120 |   210 |    12 ||   342
    Use: Potion            |       |     1 |     1 ||     2
         Scroll            |       |       |     3 ||     3
 Armour: Scale mail        |    65 |    88 |     2 ||   155
  Dodge: Dodged            |    61 |    81 |     9 ||   151
  Block: Buckler           |    18 |    55 |     6 ||    79

Table legend: (Time is in decaauts)
 A = Elapsed time spent in this place.
 B = Non-inter-level travel time spent in this place.
 C = Inter-level travel time spent in this place.
 D = Time resting spent in this place.
 E = Time spent auto-exploring this place.
 F = Levels seen in this place.
 G = Mean time per level.
                   A        B        C        D        E       F      G
               +--------+--------+--------+--------+--------+-----+--------+
         Total |   3657 |   3533 |    124 |    105 |   2633 |   5 |  731.4 |
       Dungeon |   3657 |   3533 |    124 |    105 |   2633 |   5 |  731.4 |
               +--------+--------+--------+--------+--------+-----+--------+

Top non-repeatable levels by time:
     D:4: 1359 daAuts
     D:2: 749 daAuts
     D:3: 748 daAuts
     D:1: 687 daAuts
     D:5: 112 daAuts
